[Event "German-ch Blitz Women 2022"]
[Site "Magdeburg"]
[Date "2022.08.13"]
[Round "8.9"]
[White "Kunze, Kerstin"]
[Black "Heil, Marina"]
[Result "1-0"]
[ECO "B07"]
[WhiteElo "2020"]
[BlackElo "1926"]
[Annotator "TA"]
[PlyCount "51"]
[EventDate "2022.08.10"]
[EventType "tourn"]
[EventCountry "GER"]
[SourceTitle "playchess.com"]
[Source "ChessBase"]
[SourceQuality "1"]
[TimeControl "180+2"]

1. e4 d6 2. d4 Nf6 3. Nc3 Nbd7 4. Nf3 e5 5. Be2 Be7 6. O-O c6 {[%emt 0:00:01] C41: Philidor Defence.} 7. a4 a5 8. h3 Qc7 {[%emt 0:00:02] White has an edge.} 9. Be3 h6 10. Qd2 g5 11. Nh2 Nf8 12. Bc4 Ng6 {[%emt 0:00:03] [#]} 13. dxe5 $146 (13. Rad1 $14) ({Predecessor:} 13. Be2 Nf4 14. Ng4 h5 15. Nxf6+ Bxf6 16. Rad1 Qe7 17. dxe5 Bxe5 18. Rfe1 Rg8 19. Bf1 {0-1 (26) Scheckenbach,F (2101)-Koganov,M (2085) Prague 2020}) 13... dxe5 14. Rad1 Nf4 15. Bxf4 gxf4 16. Qe2 Rg8 {[%emt 0:00:04] [#] White must now prevent ...Bxh3.} 17. Kh1 $1 Rg7 18. Rg1 Kf8 19. g3 Bxh3 (19... fxg3 $14 20. Rxg3 Rxg3 21. fxg3 Kg7) 20. gxf4 $16 {[%emt 0:00:07] And now Rxg7 would win.} exf4 $2 {[%emt 0:00:06] A mistake that costs the game.} (20... h5 $16 {was called for.}) 21. Rxg7 $18 Kxg7 {[%emt 0:00:02] [#]} 22. Rg1+ $1 Kh7 (22... Kh8 {is a better defense.} 23. e5 Nh7) 23. e5 Nd5 (23... Bf5 $18 24. exf6 Bxf6) 24. Qd3+ Kh8 25. Qxh3 Qxe5 26. Qxh6# {[%emt 0:00:05] Weighted Error Value: White=0.10 (very precise) /Black=1.01} 1-0

[Event "German-ch Blitz Women 2022"]
[Site "Magdeburg"]
[Date "2022.08.13"]
[Round "8.10"]
[White "Doll, Rebecca"]
[Black "Leveikina, Jevgenija"]
[Result "0-1"]
[ECO "B15"]
[WhiteElo "1933"]
[BlackElo "2061"]
[Annotator "RC"]
[PlyCount "63"]
[EventDate "2022.08.10"]
[EventType "tourn"]
[EventCountry "GER"]
[SourceTitle "playchess.com"]
[Source "ChessBase"]
[SourceQuality "1"]
[TimeControl "180+2"]

1. e4 c6 2. d4 d5 3. Nd2 dxe4 4. Nxe4 Nf6 5. Nxf6+ exf6 6. Bc4 Qe7+ 7. Qe2 Be6 8. Bxe6 Qxe6 9. Be3 Bd6 10. Nf3 Nd7 11. O-O O-O 12. Rfe1 Rfe8 13. Qd3 Qd5 14. c4 Qh5 15. h3 Rad8 16. Qb3 b6 17. Rad1 f5 18. d5 c5 19. Bc1 Nf6 20. Nh2 Ne4 21. Qf3 Qg6 22. Nf1 Ng5 23. Qd3 Ne4 24. Qf3 Be5 25. Ne3 f4 26. Ng4 Bd4 27. Bxf4 h5 28. Ne3 Bxb2 29. Bh2 Bd4 30. Rf1 Ng5 31. Qg3 h4 32. Qg4 0-1

[Event "German-ch Blitz Women 2022"]
[Site "Magdeburg"]
[Date "2022.08.13"]
[Round "8.11"]
[White "Wulf, Constanze"]
[Black "Kosovska, Olena"]
[Result "0-1"]
[ECO "A04"]
[WhiteElo "1835"]
[BlackElo "1831"]
[Annotator "NA RC COMBH"]
[PlyCount "46"]
[EventDate "2022.08.10"]
[EventType "tourn"]
[EventCountry "GER"]
[SourceTitle "playchess.com"]
[Source "ChessBase"]
[SourceQuality "1"]
[TimeControl "180+2"]

1. Nf3 c5 2. b3 d5 3. Bb2 e6 4. e3 Nf6 5. Bb5+ Nc6 6. O-O Be7 7. d3 O-O 8. Bxc6 bxc6 9. Nbd2 Rb8 10. Re1 Ba6 11. e4 c4 12. dxc4 dxc4 13. Be5 Rb4 14. c3 Rb7 15. Nxc4 Bxc4 16. bxc4 Qa5 17. Qe2 Ng4 18. Bd4 c5 19. Be5 Nxe5 20. Nxe5 Qxc3 21. Nf3 Rb2 22. Qf1 Rfb8 23. Rac1 Qa5 0-1

[Event "German-ch Blitz Women 2022"]
[Site "Magdeburg"]
[Date "2022.08.13"]
[Round "8.12"]
[White "Stangl, Anita"]
[Black "Falke, Ornella"]
[Result "0-1"]
[ECO "B90"]
[WhiteElo "2023"]
[BlackElo "1912"]
[Annotator "NA RC"]
[PlyCount "48"]
[EventDate "2022.08.10"]
[EventType "tourn"]
[EventCountry "GER"]
[SourceTitle "playchess.com"]
[Source "ChessBase"]
[SourceQuality "1"]
[TimeControl "180+2"]

1. e4 c5 2. Nf3 d6 3. d4 cxd4 4. Nxd4 Nf6 5. Nc3 a6 6. Bc4 e6 7. a3 Be7 8. O-O O-O 9. Nde2 b5 10. Ba2 Bb7 11. Ng3 Nbd7 12. f4 Nc5 13. Qe2 Rc8 14. f5 Re8 15. b4 d5 16. bxc5 Bxc5+ 17. Kh1 Bd4 18. Bg5 Bxc3 19. Rad1 Qc7 20. fxe6 Rxe6 21. Bxf6 Bxf6 22. Qg4 Qxc2 23. exd5 Qxa2 24. dxe6 Qxg2# 0-1

[Event "German-ch Blitz Women 2022"]
[Site "Magdeburg"]
[Date "2022.08.13"]
[Round "9.1"]
[White "Falke, Ornella"]
[Black "Paehtz, Elisabeth"]
[Result "0-1"]
[ECO "E62"]
[WhiteElo "1912"]
[BlackElo "2484"]
[Annotator "TA"]
[PlyCount "58"]
[EventDate "2022.08.10"]
[EventType "tourn"]
[EventCountry "GER"]
[SourceTitle "playchess.com"]
[Source "ChessBase"]
[SourceQuality "1"]
[TimeControl "180+2"]

1. d4 Nf6 2. Nf3 g6 3. g3 Bg7 4. Bg2 O-O 5. O-O d6 6. c4 Nc6 7. Nc3 Bg4 8. h3 Bxf3 9. Bxf3 Nd7 10. e3 e5 11. Ne2 {[%emt 0:00:11] E62: King's Indian: Fianchetto: 6...c6 and Panno Variation (6...Nc6) without ...a6.} (11. d5 $14 Ncb8 12. e4) 11... Qe7 {[%emt 0:00:14] [#]} 12. Rb1 $146 ({Predecessor:} 12. b4 e4 13. Bg2 Nxb4 14. Rb1 Nc6 15. Rxb7 Nb6 16. Qc2 Nd8 17. Bxe4 Nxb7 18. Bxb7 Rab8 {1-0 (35) Franck,R-Scheipl,R (2270) Freudenstadt 1996}) 12... Qf6 13. Bg2 {[%emt 0:00:39] The position is equal.} Rae8 (13... exd4 $11 {remains equal.} 14. Nxd4 Nxd4 15. exd4 Qxd4) 14. b4 exd4 15. Nxd4 Nxd4 16. exd4 c6 17. Be3 Nb6 18. Qd3 (18. Qb3 $5 ) 18... d5 19. c5 (19. cxd5 $1 $11 Nxd5 20. Bxd5 cxd5 21. Kg2) 19... Nc4 $17 20. Rbd1 Nb2 {[%emt 0:00:03][%csl LRd1,LRd3] Black is more active.} 21. Qa3 Nxd1 22. Rxd1 a6 23. Qc1 Qe6 24. Re1 $2 {[%emt 0:00:08][%mdl 8192] [#] White does not recover from this.} (24. a3 $17 {is tougher.}) 24... Bxd4 $3 $19 {[%emt 0:00:08][%mdl 512] Black is clearly winning.} 25. Kf1 (25. a3 Qe5) 25... Bxe3 26. Rxe3 Qf6 27. Rf3 Qe5 28. Re3 Qd4 29. Rxe8 Rxe8 {Weighted Error Value: White=0.55/Black=0.13 (very precise)} 0-1

[Event "German-ch Blitz Women 2022"]
[Site "Magdeburg"]
[Date "2022.08.13"]
[Round "9.2"]
[White "Kosovska, Olena"]
[Black "Stangl, Anita"]
[Result "0-1"]
[ECO "C05"]
[WhiteElo "1831"]
[BlackElo "2023"]
[Annotator "NA RC"]
[PlyCount "81"]
[EventDate "2022.08.10"]
[EventType "tourn"]
[EventCountry "GER"]
[SourceTitle "playchess.com"]
[Source "ChessBase"]
[SourceQuality "1"]
[TimeControl "180+2"]

1. e4 e6 2. d4 d5 3. Nd2 Nf6 4. e5 Nfd7 5. f4 c5 6. Ngf3 Nc6 7. c3 Qb6 8. Nb3 a5 9. a4 Be7 10. Be2 O-O 11. O-O f6 12. Kh1 Qc7 13. exf6 Rxf6 14. Ne5 c4 15. Nd2 b6 16. Ndf3 Ba6 17. Ng4 Rff8 18. Qe1 Nf6 19. Ng5 Nd8 20. Ne5 h6 21. Ngf3 Ne4 22. Ng6 Rf6 23. Nxe7+ Qxe7 24. Ne5 Nf7 25. Bf3 Nfd6 26. g3 b5 27. Qe2 b4 28. cxb4 axb4 29. Qg2 c3 30. Re1 Nc4 31. bxc3 Nxc3 32. Nc6 Qd6 33. Ne5 Rb8 34. Bb2 Nxb2 35. Qxb2 Rff8 36. a5 Rfc8 37. Qg2 b3 38. Qh3 b2 39. Rab1 Nxb1 40. Rxb1 Rc1+ 41. Kg2 0-1

[Event "German-ch Blitz Women 2022"]
[Site "Magdeburg"]
[Date "2022.08.13"]
[Round "9.3"]
[White "Leveikina, Jevgenija"]
[Black "Wulf, Constanze"]
[Result "1-0"]
[ECO "D02"]
[WhiteElo "2061"]
[BlackElo "1835"]
[Annotator "NA RC"]
[PlyCount "61"]
[EventDate "2022.08.10"]
[EventType "tourn"]
[EventCountry "GER"]
[SourceTitle "playchess.com"]
[Source "ChessBase"]
[SourceQuality "1"]
[TimeControl "180+2"]

1. d4 d5 2. Nf3 c6 3. c4 e6 4. cxd5 exd5 5. Nc3 Bf5 6. Bf4 Nd7 7. e3 Ngf6 8. Bd3 Bxd3 9. Qxd3 Be7 10. O-O Nh5 11. Bg3 O-O 12. a3 Nxg3 13. hxg3 Re8 14. b4 a6 15. Rab1 b5 16. Rfc1 Nb6 17. Ne5 Qd6 18. e4 Nc4 19. Nxc4 bxc4 20. Qc2 Reb8 21. e5 Qe6 22. Ne2 a5 23. Nf4 Qg4 24. bxa5 Bxa3 25. Rxb8+ Rxb8 26. Rb1 Qc8 27. Rxb8 Qxb8 28. Qa4 Bb2 29. Qxc6 Qd8 30. a6 g6 31. a7 1-0

[Event "German-ch Blitz Women 2022"]
[Site "Magdeburg"]
[Date "2022.08.13"]
[Round "9.4"]
[White "Heil, Marina"]
[Black "Doll, Rebecca"]
[Result "1-0"]
[ECO "D31"]
[WhiteElo "1926"]
[BlackElo "1933"]
[Annotator "TA"]
[PlyCount "55"]
[EventDate "2022.08.10"]
[EventType "tourn"]
[EventCountry "GER"]
[SourceTitle "playchess.com"]
[Source "ChessBase"]
[SourceQuality "1"]
[TimeControl "180+2"]

1. c4 e6 2. Nc3 d5 3. d4 Be7 4. Bf4 Nf6 5. e3 O-O 6. h3 {[%emt 0:00:09] D35: Queen's Gambit Declined: Exchange Variation.} a6 7. Nf3 dxc4 8. Bxc4 {[%emt 0:00:02] The position is equal.} b5 9. Be2 Bb7 10. O-O c5 {[%emt 0:00:07] [#]} 11. dxc5 $146 ({Predecessor:} 11. Rc1 Nbd7 12. dxc5 Nxc5 13. a3 Nd5 14. Be5 Rc8 15. b4 Nd7 16. Nxd5 Bxd5 17. Bd4 {0-1 (39) Remmeke,H (2149)-Wilger,F (2088) Germany 2012}) 11... Bxc5 12. Rc1 Qe7 13. a3 Rd8 14. Qc2 Nc6 {[%emt 0:00:19] [#]} (14... Nbd7 $11 {keeps the balance.}) 15. b4 (15. Nxb5 $1 $16 {Black must now prevent Nc7.} axb5 (15... Bxe3 16. fxe3) 16. Qxc5) 15... Bd6 $11 16. Bg5 h6 17. Bh4 (17. Bxf6 $5 Qxf6 18. Rfd1 $11) 17... Ne5 18. Nxe5 Bxe5 19. Qb3 $2 (19. f4 $11 {and White stays safe.} Bc7 {[#]} 20. Nxb5 $1) 19... g5 (19... Rd2 $19 {and Black stays clearly on top. Strongly threatening ...Bxc3.} 20. Rfd1 Rad8 21. Rxd2 Rxd2) 20. Bg3 $17 Bxg3 21. fxg3 Nd5 ({Better is} 21... Rd2 $17 {[%cal Og5g4] Hoping for ...g4!} 22. Rf2 Rc8) 22. Ne4 $1 $14 Nxe3 $2 23. Qxe3 f5 24. Nc5 Bd5 25. Rxf5 Qd6 26. Rf6 Qe7 27. Rxh6 (27. Rg6+ $142 Qg7 28. Rxg7+ Kxg7 29. Nxe6+ Bxe6 30. Qe5+ Kh7 31. Rc7+ Bd7 32. Qe7+ Kg8 33. Bd3) 27... Qg7 28. Rh5 {[%emt 0:00:04] Weighted Error Value: White=0.54/Black=0.75} 1-0

[Event "German-ch Blitz Women 2022"]
[Site "Magdeburg"]
[Date "2022.08.13"]
[Round "9.5"]
[White "Fock, Sana"]
[Black "Kunze, Kerstin"]
[Result "0-1"]
[ECO "C28"]
[WhiteElo "1807"]
[BlackElo "2020"]
[Annotator "TA"]
[PlyCount "84"]
[EventDate "2022.08.10"]
[EventType "tourn"]
[EventCountry "GER"]
[SourceTitle "playchess.com"]
[Source "ChessBase"]
[SourceQuality "1"]
[TimeControl "180+2"]

1. e4 e5 2. Nc3 Nc6 3. Bc4 Nf6 4. d3 Be7 5. Nge2 O-O 6. O-O {[%emt 0:00:02] C28: Vienna Game: 2...Nf6 3 Bc4 Nc6.} a6 7. a3 {[%emt 0:00:05] [#]} h6 $146 ({Predecessor:} 7... d6 8. f4 exf4 9. Bxf4 Bg4 10. Qd2 b5 11. Ba2 Ne5 12. Nd5 Nxd5 13. Bxd5 Rb8 14. Bxe5 dxe5 15. Ng3 Qd6 16. b4 c6 17. Ba2 Rbd8 18. Nf5 Bxf5 19. Rxf5 Qd4+ {0-1 (19) Fedotov,A (1823)-Kravchenko,A (1925) Tula 2016}) 8. f4 {[%emt 0:00:05] White is slightly better.} Bc5+ 9. Kh1 Ng4 10. Qe1 {[%emt 0:00:02] Qg3 is the strong threat.} exf4 11. Bxf4 Nge5 {[%emt 0:00:22] [#]} (11... d6 $16) 12. Qg3 $1 $18 Qf6 (12... Nxc4 $2 13. Bxh6 (13. Bxc7 Qxc7 14. Qxc7 Bd6 $16) 13... g6 14. dxc4 $18) (12... d6 13. Bxh6 Bg4) 13. Be3 (13. Nd5 $142 Qd6 14. d4) 13... Qd6 14. Nd5 $2 (14. Bxc5 $18 Qxc5 15. b4) 14... Bxe3 $16 15. Nxe3 (15. Qxe3 $16 {aiming for Ba2.} Nxc4 16. dxc4) 15... Nxc4 $11 16. Nxc4 Qxg3 17. Nxg3 Nd4 18. c3 Nb3 {[%emt 0:00:02] Hoping for ...b5.} 19. Rae1 d6 20. Nf5 Bxf5 21. Rxf5 Rfe8 22. Ref1 Re7 23. e5 (23. Ne3 $11 {remains equal.}) 23... d5 $17 24. Ne3 {[%emt 0:00:02] [#]} c6 (24... d4 $1 $17 25. Nd5 Rd7) 25. h3 Nc5 26. d4 Ne4 {[%emt 0:00:00] Threatens to win with ...Ng3+.} 27. c4 $2 (27. Kh2 $11 {and White is okay.}) 27... Ng3+ $19 28. Kh2 Nxf1+ 29. Rxf1 {[%emt 0:00:02][%mdl 4096] Endgame KRR-KRN} Rd8 30. Nf5 Red7 (30... Re6 $19 31. c5 f6 32. exf6 Rxf6 33. Ne7+ Kf7) 31. c5 $17 b6 32. b4 (32. cxb6 $17 Rb7 33. b4) 32... a5 $2 (32... bxc5 $19 {And now ...c4 would win.} 33. bxc5 Rb8) 33. cxb6 $11 axb4 34. axb4 $2 (34. a4 $1 $11 {and White has nothing to worry.}) 34... Rb8 $19 35. Rc1 Rxb6 36. b5 $2 (36. Rc3 Kh7 37. Rb3) 36... cxb5 {[%emt 0:00:04][%cal Bc6b5,Bb5b4,Bb4b3,Bb3b2][%mdl 32] Black is clearly winning.} 37. Rc8+ Kh7 38. Nd6 b4 {[%emt 0:00:03] White must now prevent ...b3.} 39. Rc1 b3 40. Rb1 b2 41. Nf5 Rc7 42. Ne3 Rc1 {[%emt 0:00:03] What a bad dream for White.  Weighted Error Value: White=1.04/Black=0.36} 0-1

[Event "German-ch Blitz Women 2022"]
[Site "Magdeburg"]
[Date "2022.08.13"]
[Round "9.6"]
[White "Schuster, Rebekka"]
[Black "Rath, Alina"]
[Result "0-1"]
[ECO "B56"]
[WhiteElo "1815"]
[BlackElo "2062"]
[Annotator "NA RC"]
[PlyCount "56"]
[EventDate "2022.08.10"]
[EventType "tourn"]
[EventCountry "GER"]
[SourceTitle "playchess.com"]
[Source "ChessBase"]
[SourceQuality "1"]
[TimeControl "180+2"]

1. e4 c5 2. Nf3 Nc6 3. d4 cxd4 4. Nxd4 Nf6 5. Nc3 d6 6. f3 e5 7. Nb3 Be7 8. Be3 Be6 9. Qd2 O-O 10. O-O-O a5 11. Kb1 Re8 12. Nb5 d5 13. exd5 Nxd5 14. Bf2 a4 15. Nc5 Bxc5 16. Bxc5 Nf4 17. g3 Nd5 18. Bg2 Nde7 19. Nd6 Rf8 20. Rhe1 Qc7 21. Nb5 Qa5 22. Qxa5 Rxa5 23. c4 f6 24. Bd6 Bxc4 25. Nc3 Bf7 26. f4 Re8 27. Bc7 Raa8 28. fxe5 fxe5 0-1

[Event "German-ch Blitz Women 2022"]
[Site "Magdeburg"]
[Date "2022.08.13"]
[Round "9.7"]
[White "Zschischang, Marine"]
[Black "Skibbe, Diana"]
[Result "1-0"]
[ECO "A80"]
[WhiteElo "2083"]
[BlackElo "1943"]
[Annotator "NA RC"]
[PlyCount "67"]
[EventDate "2022.08.10"]
[EventType "tourn"]
[EventCountry "GER"]
[SourceTitle "playchess.com"]
[Source "ChessBase"]
[SourceQuality "1"]
[TimeControl "180+2"]

1. d4 f5 2. h3 Nf6 3. g4 fxg4 4. hxg4 d6 5. g5 Ne4 6. Bf4 g6 7. f3 e5 8. dxe5 Nxg5 9. exd6 Bxd6 10. Bxd6 cxd6 11. Qd4 O-O 12. Nc3 Nc6 13. Qh4 Qf6 14. O-O-O Qf4+ 15. Qxf4 Rxf4 16. Rxd6 Be6 17. e3 Rf6 18. f4 Nf7 19. Rd2 Bg4 20. Bc4 Na5 21. Bd5 Re8 22. Ne4 Rb6 23. Nh3 Bf3 24. Bxf7+ Kxf7 25. Nhg5+ Kg8 26. Nf6+ Rxf6 27. Nxf3 Rxe3 28. Ng5 Rxf4 29. b3 Nc6 30. Rxh7 Rf5 31. Rxb7 Rxg5 32. Rc7 Re1+ 33. Kb2 Ne5 34. Rd8# 1-0

[Event "German-ch Blitz Women 2022"]
[Site "Magdeburg"]
[Date "2022.08.13"]
[Round "9.8"]
[White "Staerk, Elisa"]
[Black "Braun, Kristin"]
[Result "1/2-1/2"]
[ECO "E98"]
[WhiteElo "1947"]
[BlackElo "1897"]
[Annotator "TA"]
[PlyCount "94"]
[EventDate "2022.08.10"]
[EventType "tourn"]
[EventCountry "GER"]
[SourceTitle "playchess.com"]
[Source "ChessBase"]
[SourceQuality "1"]
[TimeControl "180+2"]

1. d4 Nf6 2. Nf3 g6 3. c4 Bg7 4. Nc3 d6 5. e4 O-O 6. Be2 e5 7. O-O Nc6 8. d5 Ne7 9. Ne1 Nd7 10. Nd3 f5 11. Bd2 f4 12. Bg4 Nf6 13. Bxc8 {[%emt 0:00:01] E98: King's Indian: Classical Main Line: 9 Ne1.} Qxc8 14. f3 g5 15. c5 {[%emt 0:00:04] White is slightly better.} g4 {[%emt 0:00:26] [#]} (15... Qd7 $14) 16. cxd6 (16. fxg4 $1 $16 {And now cxd6 would win.} h6 17. h3) 16... cxd6 $11 {[%emt 0:00:01] [#]} 17. fxg4 $146 ({Predecessor:} 17. Rc1 Qd7 18. Qa4 Qxa4 19. Nxa4 gxf3 20. gxf3 Rfc8 21. Rxc8+ Rxc8 22. Rc1 Kf7 23. Kf1 {½-½ (52) Anelli,A-Jovanovich,M Buenos Aires 1971}) 17... Qxg4 ({Black should try} 17... Nxg4 $14 18. Nb5 Qc4 19. Qxg4 Qxb5 20. Qe6+ Rf7) 18. Qxg4 $16 Nxg4 19. Nf2 h5 20. Nb5 Rf6 21. Nc7 Rc8 ({Black should play} 21... Rd8) 22. Rac1 ({Only move:} 22. Nxg4 $16 hxg4 23. Rac1) 22... Ng6 ({Better is} 22... Ne3 $14) 23. Ne6 $18 Rxc1 24. Rxc1 Ne3 25. Nxg7 (25. Nh3 $18) 25... Kxg7 $14 26. Rc7+ Rf7 27. Rxf7+ Kxf7 $11 {[%emt 0:00:01][%mdl 4096] Endgame KBN-KNN} 28. b3 Ng4 29. h3 Nf6 30. Kf1 Nf8 31. Ke2 N8d7 32. Bb4 Ke7 33. Kf3 b6 34. a4 (34. g3 $14) 34... Nc5 {[%emt 0:00:04] The position is equal.} 35. Bxc5 bxc5 {[%emt 0:00:01] KN-KN} 36. Nd3 Nh7 {[%emt 0:00:03] [#] aiming for ...Ng5+.} 37. h4 {[%emt 0:00:10] Inhibits Ng5+.} Nf6 38. Nb2 Ng4 39. Nc4 Kd7 40. g3 fxg3 41. Kxg3 Nf6 42. Kf3 Kc7 43. Ne3 Kd7 44. Nf5 Kc7 45. Ke3 Kd7 46. Ng7 Kc7 47. Nf5 Kd7 {[%emt 0:00:00] Weighted Error Value: White=0.27 (precise) /Black=0.20 (precise)} 1/2-1/2

[Event "German-ch Blitz Women 2022"]
[Site "Magdeburg"]
[Date "2022.08.13"]
[Round "9.9"]
[White "Melamed, Tatjana"]
[Black "Grabowski, Petra"]
[Result "1-0"]
[ECO "C10"]
[WhiteElo "2380"]
[BlackElo "1643"]
[Annotator "TA"]
[PlyCount "43"]
[EventDate "2022.08.10"]
[EventType "tourn"]
[EventCountry "GER"]
[SourceTitle "playchess.com"]
[Source "ChessBase"]
[SourceQuality "1"]
[TimeControl "180+2"]

1. e4 e6 2. d4 d5 3. Nd2 dxe4 4. Nxe4 Nd7 5. Bd3 Ngf6 6. Qe2 Be7 7. Nf3 O-O 8. O-O Nxe4 9. Bxe4 Nf6 10. Bd3 c5 11. dxc5 Bxc5 12. Bg5 Bd7 $2 {[%emt 0:00:10] [#] C10: French with 3 Nc3: Unusual Black 3rd moves and 3...dxe4.} (12... h6 $14 13. Bh4 Qc7) 13. Ne5 $18 {[%emt 0:00:09] [#]} Rc8 $146 (13... Be7 {was worth a try.} 14. Rad1 Nd5) ({Predecessor:} 13... Be7 14. Rad1 Nd5 15. Bxe7 Qxe7 16. Nxd7 Qxd7 17. c4 Nf4 18. Bxh7+ Kxh7 19. Qc2+ Nd3 20. Rxd3 {1-0 (20) Kitschke,H (2022)-Millgramm,S (1785) Eckernfoerde 2016}) 14. Rad1 Be7 {[%emt 0:00:08] White is clearly winning.} 15. Bxf6 Bxf6 16. Nxd7 Re8 17. Nxf6+ Qxf6 18. c3 a6 19. Be4 b5 20. h3 Rc5 21. Qe3 Qh4 22. Qxc5 {[%emt 0:00:09] White took control after the opening.  Weighted Error Value: White=0.14 (very precise) /Black=0.98} 1-0

[Event "German-ch Blitz Women 2022"]
[Site "Magdeburg"]
[Date "2022.08.13"]
[Round "9.10"]
[White "Schulze, Lara"]
[Black "Khrapko, Marharyta"]
[Result "0-1"]
[ECO "B30"]
[WhiteElo "2292"]
[BlackElo "2128"]
[Annotator "TA"]
[PlyCount "56"]
[EventDate "2022.08.10"]
[EventType "tourn"]
[EventCountry "GER"]
[SourceTitle "playchess.com"]
[Source "ChessBase"]
[SourceQuality "1"]
[TimeControl "180+2"]

1. e4 c5 2. Nf3 Nc6 3. Bb5 Nd4 4. Nxd4 cxd4 5. c3 dxc3 6. bxc3 {[%emt 0:00:02] B30: Sicilian: 2...Nc6 3 Bb5, lines without ...g6.} a6 7. Be2 {[%emt 0:00:05] [#]} e6 $146 ({Predecessor:} 7... g6 8. d4 Bg7 9. O-O d6 10. a4 Nf6 11. Bf3 O-O 12. Be3 Nd7 13. Na3 e5 {0-1 (39) Mezhevov,V (2013)-Levchenko,E (2173) Khanty-Mansiysk 2011}) 8. d4 {[%emt 0:00:12] White is slightly better.} d5 9. e5 Bd7 10. Qb3 Qc7 11. O-O Rc8 12. a4 Ne7 13. Ba3 h5 (13... Nc6 $14) 14. Bd6 $16 Qc6 15. a5 g6 16. Bd3 h4 17. h3 Bh6 18. Bxe7 (18. Qb2 $142) 18... Kxe7 19. f4 (19. Qd1 $14 {is more appropriate.}) 19... g5 20. f5 g4 (20... exf5 $1 $11 21. Bxf5 g4) 21. Qb4+ ({Of course not} 21. fxe6 $6 Bxe6 22. Qb4+ Kd7 $11) (21. f6+ $16 Kd8 22. hxg4) 21... Ke8 {[%emt 0:00:01] [#] ...exf5 is the strong threat.} 22. fxe6 (22. hxg4 $16 Rc7 23. Rf3 (23. f6 Kd8 $16)) 22... Bxe6 23. Bf5 $2 (23. Bc2 $11 {and White has nothing to worry.} Qc7 24. hxg4) 23... gxh3 24. gxh3 $2 (24. Ra2 Be3+ 25. Kh2 Bxf5 26. Rxf5) 24... Bxf5 25. Kh2 Be4 (25... Qg6 $142 26. Qa4+ Kd8 27. Qd7+ Bxd7 28. Kh1 Qg3 29. Rxf7 Qxh3+ 30. Kg1 Be3+ 31. Rf2 Rg8#) 26. Na3 Qg6 {[%emt 0:00:02][%csl Ge4][%cal Rg6g2] Black mates.} 27. Rf2 {[%emt 0:00:02] [#]} Bf4+ $1 28. Rxf4 Qg2# {[%emt 0:00:01] Weighted Error Value: White=1.34/Black=0.60} 0-1

[Event "German-ch Blitz Women 2022"]
[Site "Magdeburg"]
[Date "2022.08.13"]
[Round "9.11"]
[White "Nikolaeva, Mariya A"]
[Black "Daemering, Katrin"]
[Result "1-0"]
[ECO "B53"]
[WhiteElo "1309"]
[BlackElo "1965"]
[Annotator "TA"]
[PlyCount "115"]
[EventDate "2022.08.10"]
[EventType "tourn"]
[EventCountry "GER"]
[SourceTitle "playchess.com"]
[Source "ChessBase"]
[SourceQuality "1"]
[TimeControl "180+2"]

1. e4 c5 2. Nf3 d6 3. d4 cxd4 4. Qxd4 Nf6 5. Nc3 a6 6. Bg5 Nc6 7. Qd2 e6 8. Nd4 {[%emt 0:00:09] [#] B53: Sicilian: 2...d6: Lines with Qxd4.} Qb6 $146 ({Predecessor:} 8... Bd7 9. f4 b5 10. a3 h6 11. Bxf6 Qxf6 12. Nxc6 Bxc6 13. Bd3 Qh4+ 14. g3 Qh5 15. Be2 Qc5 {0-1 (33) Rakshitta,R (2190)-Todorovic,G (2373) Belgrade 2021}) 9. Nb3 Be7 10. Bd3 (10. Bxf6 $14 gxf6 11. f4) 10... Bd7 11. Be3 Qc7 12. O-O b5 13. a3 (13. a4 $5 b4 14. Ne2 $11) 13... Rc8 14. f4 O-O 15. Ne2 Ng4 16. Kh1 Nxe3 17. Qxe3 Bf6 18. c3 e5 19. f5 Rfd8 20. Ng3 h6 (20... Qa7 $11 21. Qe2 Bg5) 21. Nh5 $1 $16 {[%emt 0:00:02] Black is on the road to losing.} Bg5 22. Qg3 {[%emt 0:00:06] And now h4 would win. White is more active.} g6 $2 {[%emt 0:00:23] [#]} (22... Kh7 $16 {was worth a try.}) 23. h4 $1 $18 gxh5 24. hxg5 Kh8 25. Qh4 Rg8 26. Qxh5 Rg7 27. Rf3 {[%emt 0:00:27] Hoping for g6.} Rcg8 28. Rh3 ({And not} 28. gxh6 Rxg2 29. Qh4 (29. Qxf7 $2 Qd8 $19) 29... Qa7 $11) 28... Rh7 29. gxh6 Qd8 30. Rf1 Rg5 31. Qf3 Qg8 32. Nd2 f6 33. Qf2 Nd8 34. Nf3 Rg4 35. Nh4 Be8 {[%emt 0:00:01] Prevents Ng6+.} (35... Rxh6 $142 36. Ng6+ Kg7) 36. Be2 Rg5 37. Nf3 Rg4 (37... Rh5 $142 38. Qb6 Rxh3+ 39. gxh3 Nb7) 38. Nh4 Rg5 39. Nf3 Rg4 40. Nh4 $2 ({White should play} 40. Qb6 $18 Nb7 41. Nh4 (41. Qxa6 Nc5 $16)) 40... Rxe4 $2 (40... Rg5 $11) 41. Ng6+ Bxg6 42. fxg6 {[%emt 0:00:01][%mdl 64] Discovered Attack} Qxg6 43. Bd3 Rxh6 44. Bxe4 ({Less strong is} 44. Qf5 Rxh3+ 45. Qxh3+ Kg7 $16) 44... Rxh3+ 45. gxh3 Qxe4+ 46. Qg2 Qxg2+ 47. Kxg2 {[%emt 0:00:01][%mdl 4096] Endgame KR-KN} Kg7 48. Rd1 Nf7 49. Kg3 (49. a4 $142) 49... Kg6 50. h4 {[%emt 0:00:03] Inhibits Ng5.} f5 {[%emt 0:00:01] [#]} 51. b3 (51. a4 $1 $18 ) 51... Kf6 $2 (51... f4+ $16 52. Kg4 Nh6+ 53. Kf3 Nf5) 52. c4 {aiming for cxb5.} Ke6 $2 (52... f4+ 53. Kf3 bxc4) 53. cxb5 {[%emt 0:00:04] White is clearly winning.} axb5 54. a4 bxa4 55. bxa4 Nd8 56. a5 {[%emt 0:00:01] a6 is the strong threat.} Nc6 57. a6 Na7 58. Rb1 {[%emt 0:00:01] Weighted Error Value: White=0.50/Black=0.33} 1-0